 Dungeon Sprint DCSS version 0.17-a0-1753-g75d4604 (webtiles) character file.

410 KambridgeKobold the Thaumaturge (level 6, -3/32 HPs)
             Began as a Deep Elf Conjurer on Sept 2, 2015.
             Was a Believer of Jiyva.
             Slain by a demonic crawler (5 damage)
             ... in the Dungeon (Sprint I: "Red Sonja").
             The game lasted 00:03:36 (756 turns).

KambridgeKobold the Thaumaturge (Deep Elf Conjurer)  Turns: 756, Time: 00:03:37

Health: -3/32      AC:  7    Str: 13    XL:     6   Next: 58%
Magic:  20/23      EV: 11    Int: 15    God:    Jiyva [**....]
Gold:   138        SH:  0    Dex: 15    Spells: 2 memorised, 26 levels left

rFire  . . .     SeeInvis .     (no weapon)
rCold  . . .     Clarity  .     d - +1 scale mail of the Valley of Death {rPois Str+6 Int-5} (curse)
rNeg   . . .     SustAt   .     (no shield)
rPois  +         Gourm    .     (no helmet)
rElec  .         Spirit   .     (no cloak)
rCorr  .         Warding  .     (no gloves)
rMut   .         NoTele   +     (no boots)
MR     .....                    (no amulet)
Stlth  ++........               (no ring)
                                (no ring)

@: not resistant to hostile enchantments, unstealthy
A: no striking features
a: Request Jelly, Jelly Paralyse, Renounce Religion


You were in the Dungeon.
You worshipped Jiyva.
Jiyva was pleased with you.
You were not hungry.

You visited 1 branch You collected 318 gold pieces.
You spent 180 gold pieces at shops.

Inventory:

Armour
 a - a +0 robe
 d - the cursed +1 scale mail of the Valley of Death (worn) {rPois Str+6 Int-5}
   (You bought it in a shop in the Dungeon)

   It affects your strength (+6).
   It affects your intelligence (-5).
   It protects you from poison.
   It has a curse placed upon it.
Scrolls
 i - a scroll of blinking
Potions
 e - a potion of heal wounds
 f - a potion of haste
 g - a potion of magic
 h - a potion of berserk rage
 j - 2 potions of degeneration {unknown}
 n - a potion of flight {unknown}
Books
 b - a book of Conjurations

   Spells                             Type                      Level
   a - Magic Dart                     Conjuration                  1
   b - Searing Ray                    Conjuration                  2
   c - Dazzling Spray                 Conjuration/Hexes            3
   d - Fulminant Prism                Conjuration/Hexes            4
   e - Iskenderun's Mystic Blast      Conjuration                  4
   f - Iskenderun's Battlesphere      Conjuration/Charms           5
Comestibles
 c - a chunk of flesh


   Skills:
 - Level 4.2 Dodging
 - Level 7.1 Stealth
 + Level 12.0 Spellcasting
 + Level 10.9 Conjurations


You had 26 spell levels left.
You knew the following spells:

 Your Spells              Type           Power        Failure   Level  Hunger
a - Magic Dart            Conj           ####         1%          1    None
b - Searing Ray           Conj           #####.       1%          2    None


Dungeon Overview and Level Annotations

Branches:
Dungeon (1/1)

Altars:
Cheibriados
Dithmenos
Elyvilon
Fedhas
Gozag
Kikubaaqudgha
Makhleb
Nemelex Xobeh
Okawaru
Qazlal
Ru
Sif Muna
Trog
Vehumet
Xom
Yredelemnul
Zin
The Shining One
Jiyva

Shops:
D [

Annotations:
D Sonja


Message History

You see here 19 sling bullets.
You hit the demonic crawler but do no damage.
The demonic crawler hits you but does no damage.
The demonic crawler hits you!
The demonic crawler hits you but does no damage.
You closely miss the demonic crawler. The demonic crawler closely misses you.
The demonic crawler hits you. The demonic crawler closely misses you.
Casting: Searing Ray
Confirm with . or Enter, or press ? or * to list all spells.
Aiming: Searing Ray
Press: ? - help, Shift-Dir - straight line The searing ray hits the demonic crawler.
The demonic crawler hits you!
* * * LOW HITPOINT WARNING * * *
The demonic crawler hits you.
* * * LOW HITPOINT WARNING * * *
The demonic crawler closely misses you.
The demonic crawler hits you but does no damage.
The demonic crawler hits you.
You die...

#<.#..'..#..'..#__#.J+
#..÷..#..'..#..'.J..$#
#..#####'#####.#J_####
#..####..#...#.####
#..#__####..##.#
#..#_..__##'#(.+
#⌠⌠#_.∩...'..._#
####_..._##_.#s#
#_____###'#@# #######
#{### .K$ $.$# ##.##
#+#


You could see a demonic crawler.

Vanquished Creatures
  Sigmund (D)
  A yak (D)
  An ogre (D)
  Ijyb (D)
4 creatures vanquished.

Vanquished Creatures (others)
  A kobold demonologist (D)
  A slime creature (D)
  2 jellies (D)
  A giant eyeball (D)
5 creatures vanquished.

Grand Total: 9 creatures vanquished

Notes
Turn   | Place    | Note
--------------------------------------------------------------
     0 | D        | KambridgeKobold the Deep Elf Conjurer began the quest for the Orb.
     0 | D        | Reached XP level 1. HP: 10/10 MP: 6/6
     1 | D        | Noticed Ijyb
    15 | D        | Killed Ijyb
    15 | D        | Reached skill level 5 in Conjurations
    15 | D        | Reached XP level 2. HP: 9/15 MP: 0/9
   132 | D        | Noticed an ogre
   137 | D        | Learned a level 2 spell: Searing Ray
   143 | D        | Killed an ogre
   143 | D        | Reached skill level 7 in Stealth
   143 | D        | Reached XP level 3. HP: 2/19 MP: 4/13
   143 | D        | Reached XP level 4. HP: 2/24 MP: 4/15
   418 | D        | Noticed Sigmund
   429 | D        | HP: 1/24 [something (13)]
   432 | D        | Killed Sigmund
   432 | D        | Reached skill level 10 in Spellcasting
   432 | D        | Reached XP level 5. HP: 7/28 MP: 7/19
   432 | D        | Reached XP level 6. HP: 8/32 MP: 7/21
   676 | D        | Found a deep blue altar of Sif Muna.
   677 | D        | Noticed a jelly
   678 | D        | Found a radiant altar of Vehumet.
   686 | D        | Found a snail-covered altar of Cheibriados.
   686 | D        | Found a viscous altar of Jiyva.
   686 | D        | Found a shadowy altar of Dithmenos.
   686 | D        | Found a blossoming altar of Fedhas.
   686 | D        | Noticed a slime creature
   689 | D        | Became a worshipper of Jiyva Jirumi the Shapeless
   696 | D        | Acquired Jiyva's first power
   696 | D        | Acquired Jiyva's second power
   713 | D        | Killed a slime creature
   716 | D        | Found Xeoph's Antique Armour Emporium.
   716 | D        | Found a white marble altar of Elyvilon.
   716 | D        | Found a stormy altar of Qazlal.
   716 | D        | Found a basalt altar of Yredelemnul.
   716 | D        | Found an iron altar of Okawaru.
   716 | D        | Found a sparkling altar of Nemelex Xobeh.
   716 | D        | Found a shimmering altar of Xom.
   716 | D        | Found an ancient bone altar of Kikubaaqudgha.
   716 | D        | Noticed a yak
   719 | D        | Found a burning altar of Makhleb.
   719 | D        | Found a sacrificial altar of Ru.
   719 | D        | Found an opulent altar of Gozag.
   721 | D        | Killed a jelly
   723 | D        | Killed a yak
   723 | D        | Reached skill level 12 in Spellcasting
   723 | D        | Reached skill level 10 in Conjurations
   724 | D        | Found a glowing golden altar of the Shining One.
   724 | D        | Found a glowing silver altar of Zin.
   728 | D        | Found a bloodstained altar of Trog.
   732 | D        | Bought a jade-studded scale mail for 180 gold pieces
   738 | D        | Noticed a kobold demonologist
   742 | D        | Identified the cursed +1 scale mail of the Valley of Death {rPois Str+6 Int-5} (You bought it in a shop in the Dungeon)
   746 | D        | Noticed Sonja
   750 | D        | Noticed a demonic crawler
   751 | D        | Killed a kobold demonologist
   756 | D        | Slain by a demonic crawler

Vault maps used:
D:        dungeon_sprint_1

Action                   |  1- 3 |  4- 6 || total
-------------------------+-------+-------++-------
Melee: Unarmed           |       |     4 ||     4
 Cast: Magic Dart        |    13 |     2 ||    15
       Searing Ray       |     1 |     4 ||     5
  Use: Potion            |     1 |     1 ||     2
